AoeStats
← ax

Fortress

507050060Analyzed
4v4 RM · 17d ago on Sep 16, 2026· 47m 43s· 8 players
Game mode
Random Map
Map size
Huge
Population
200
Speed
Normal
Resources
Standard
Victory
Conquest
Starting age
Dark Age
Ending age
Imperial Age
RankedLock teamsTeams togetherTeam positionsShared explorationLock speedFull tech treeHidden civsTurbo modeCheats
Victory
Defeat
🇨🇳 Spanish · China
1095
+13
🇨🇳 Burgundians · China
1045
+15
🇻🇳 Ethiopians · Vietnam
1037
+15
1030
+15
🇪🇸 Goths · Spain
1075
-18
🇨🇳 Persians · China
995
-24
🇨🇳 Shu · China
994
-13
🇨🇳 Franks · China
994
-13
浮槎万里获星河
6:39 Feudal Age
11:39 Castle Age
9:43 Double-Bit Axe
10:10 Horse Collar
17:21 Loom
18:14 Wheelbarrow
20:20 Gold Mining
21:41 Heavy Plow
25:20 Imperial Age
24:01 Forging
26:36 Chemistry
25:58 Conscription
25:05 Cavalier
25:56 Bloodlines
25:47 Husbandry
26:34 Gold Shaft Mining
26:17 Hand Cart
25:47 Town Watch
30:31 Town Patrol
31:22 Iron Casting
32:26 Ballistics
31:34 Savar
34:01 Scale Barding Armor
33:52 Stone Mining
35:50 Capped Ram
38:22 Siege Ram
38:42 Light Cavalry
40:19 Chain Barding Armor
41:01 Blast Furnace
40:47 Hussar
43:31 Caravan
46:23 Plate Barding Armor
菜鸟蛋小黄
8:18 Feudal Age
13:27 Castle Age
12:33 Gold Mining
12:31 Double-Bit Axe
14:43 Bow Saw
14:28 Stone Mining
14:26 Horse Collar
30:23 Wheelbarrow
32:28 Imperial Age
31:54 Hand Cart
32:13 Heavy Plow
32:07 Stone Mining
33:08 Loom
35:08 Forging
35:02 Padded Archer Armor
36:35 Pikeman
37:29 Cavalier
38:10 Husbandry
38:21 Bloodlines
40:22 Two-Man Saw
40:00 Stone Shaft Mining
40:03 Iron Casting
39:33 Scale Barding Armor
40:19 Paladin
42:09 Halberdier
42:51 Squires
43:52 Blast Furnace
43:14 Chain Barding Armor
45:20 Scale Mail Armor
48:00 Chain Mail Armor
48:20 Plate Barding Armor
番茄没有酒
1:02 Loom
1:34 Double-Bit Axe
4:22 Horse Collar
7:58 Feudal Age
8:20 Gold Mining
12:36 Castle Age
10:52 Heavy Plow
11:42 Bow Saw
13:06 Wheelbarrow
14:15 Crop Rotation
16:46 Two-Man Saw
20:19 Hand Cart
21:26 Town Watch
26:17 Imperial Age
24:07 Scale Barding Armor
24:12 Husbandry
24:04 Pikeman
25:34 Gold Shaft Mining
25:05 Scale Mail Armor
25:20 Forging
24:57 Treadmill Crane
25:42 Stone Mining
25:57 Squires
27:19 Iron Casting
27:05 Chain Barding Armor
26:35 Halberdier
27:35 Chain Mail Armor
27:09 Cavalier
29:01 Town Patrol
29:33 Ballistics
29:23 Masonry
29:51 Arson
31:22 Chemistry
30:58 Plate Mail Armor
31:40 Blast Furnace
32:34 Chain Barding Armor
32:06 Fletching
33:52 Stone Shaft Mining
33:30 Burgundian Vineyards
34:46 Paladin
38:58 Plate Barding Armor
38:48 Conscription
38:32 Capped Ram
40:13 Bodkin Arrow
40:19 Padded Archer Armor
39:51 Light Cavalry
40:58 Caravan
40:38 Hussar
Bobgao2008
8:04 Feudal Age
12:04 Castle Age
10:01 Double-Bit Axe
10:34 Horse Collar
11:35 Loom
14:47 Gold Mining
19:19 Imperial Age
17:34 Fletching
17:45 Padded Archer Armor
19:00 Ballistics
18:55 Bodkin Arrow
19:02 Crossbowman
21:20 Chemistry
20:31 Thumb Ring
22:59 Bracer
24:42 Leather Archer Armor
24:53 Arbalester
27:12 Ring Archer Armor
28:15 Wheelbarrow
31:36 Bow Saw
39:10 Two-Man Saw
40:32 Gold Shaft Mining
ax
8:55 Feudal Age
14:28 Castle Age
13:09 Double-Bit Axe
16:37 Bow Saw
24:05 Husbandry
26:40 Imperial Age
24:03 Loom
24:23 Gold Mining
24:33 Stone Mining
25:32 Scale Barding Armor
25:38 Forging
27:00 Gold Shaft Mining
27:48 Conscription
26:52 Cavalier
28:35 Wheelbarrow
28:59 Chain Barding Armor
29:15 Iron Casting
29:45 Hand Cart
30:21 Paladin
32:52 Plate Barding Armor
33:37 Blast Furnace
34:29 Siege Engineers
34:35 Masonry
44:28 Light Cavalry
羽墨
8:30 Feudal Age
7:38 Loom
13:48 Castle Age
12:27 Loom
14:20 Wheelbarrow
17:41 Double-Bit Axe
25:30 Hand Cart
27:58 Scale Barding Armor
28:04 Forging
30:22 Fletching
36:13 Horse Collar
38:38 Murder Holes
39:01 Masonry
41:58 Imperial Age
40:03 Heavy Plow
40:12 Crossbowman
41:04 Thumb Ring
43:00 Kamandaran
43:45 Architecture
43:59 Pikeman
44:48 Halberdier
45:33 Squires
45:20 Gambesons
46:15 Iron Casting
46:01 Chain Barding Armor
45:42 Padded Archer Armor
45:37 Bodkin Arrow
46:04 Citadels
Wertios
1:17 Loom
8:45 Feudal Age
11:30 Double-Bit Axe
12:14 Gold Mining
14:31 Castle Age
12:25 Horse Collar
15:45 Anarchy
20:05 Heavy Plow
20:10 Scale Mail Armor
22:04 Wheelbarrow
21:59 Forging
23:46 Hand Cart
26:39 Iron Casting
29:33 Imperial Age
28:17 Stone Mining
28:49 Chain Mail Armor
29:29 Pikeman
30:26 Perfusion
31:50 Conscription
32:35 Blast Furnace
33:32 Elite Skirmisher
34:17 Padded Archer Armor
34:04 Halberdier
40:12 Leather Archer Armor
41:26 Elite Huskarl
joker
7:45 Feudal Age
12:07 Castle Age
10:23 Double-Bit Axe
10:40 Horse Collar
13:59 Bow Saw
15:48 Heavy Plow
19:43 Scale Mail Armor
19:12 Pikeman
20:59 Loom
22:28 Gold Mining
24:01 Wheelbarrow
24:19 Gold Shaft Mining
27:32 Imperial Age
25:33 Stone Mining
26:00 Fletching
26:35 Padded Archer Armor
26:34 Crossbowman
27:20 Thumb Ring
26:41 Crossbowman
27:26 Thumb Ring
27:24 Bodkin Arrow
27:44 Leather Archer Armor
27:27 Bodkin Arrow
28:07 Ballistics
27:58 Masonry
28:41 Conscription
28:28 Bracer
28:29 Arbalester
30:57 Chemistry
30:28 Architecture
30:49 Ring Archer Armor
30:28 Halberdier
31:27 Bolt Magazine
36:00 Coiled Serpent Array
39:49 Coiled Serpent Array
40:32 Hand Cart
41:50 Squires
Connection lost

Rejoining the realm…

Still unreachable

The connection could not be restored.

Session expired

The server has moved on; the page needs a fresh start.